 Dungeon Crawl Stone Soup version 0.30.1-3-gfc49f6343a (webtiles) character file.

Game seed: 285213097617905968

129 javelincjr the Ducker (level 4, -9/35 HPs)
             Began as a Demonspawn Gladiator on Aug 1, 2023.
             Mangled by an ogre
             ... wielding a +0 giant club
              (18 damage)
             ... on level 4 of the Dungeon.
             The game lasted 00:06:26 (2517 turns).

javelincjr the Ducker (Demonspawn Gladiator)        Turns: 2517, Time: 00:06:27

Health: -9/35      AC:  5    Str: 16    XL:     4   Next: 88%
Magic:  4/4        EV:  8    Int: 10    God:
Gold:   132        SH: 10    Dex: 14    Spells: 3/3 levels left

rFire   . . .        y - +2 dagger (venom)
rCold   . . .        n - +0 tower shield
rNeg    . . .        b - +0 leather armour
rPois   .            c - +0 helmet
rElec   .            (no cloak)
rCorr   .            C - +0 pair of gloves
SInv    .            (no boots)
Will    .....        (no amulet)
Stlth   +            (no ring)
HPRegen 0.25/turn    (no ring)
MPRegen 0.09/turn

%: no passive effects
@: no status effects
A: powered by pain 1, weakness stinger 1
a: no special abilities


You were on level 4 of the Dungeon.
You visited 1 branch of the dungeon, and saw 4 of its levels.

You collected 132 gold pieces.

Inventory:

Hand Weapons
 a - a +0 trident
 j - a +4 short sword
 y - a +2 dagger of venom (weapon)
Missiles
 d - 4 throwing nets (quivered)
Armour
 b - a +0 leather armour (worn)
 c - a +0 helmet (worn)
 n - a +0 tower shield (worn)
 r - a +0 robe of cold resistance
 C - a +0 pair of gloves (worn)
Jewellery
 o - an amulet of faith
Scrolls
 f - a scroll of enchant weapon {unknown}
 g - a scroll of immolation {unknown}
 h - a scroll of teleportation {unknown}
 p - 2 scrolls of amnesia {unknown}
 s - a scroll of brand weapon {unknown}
 t - 2 scrolls of fog {unknown}
 u - a scroll of blinking {unknown}
 v - a scroll of torment {unknown}
 w - a scroll of silence {unknown}
 x - a scroll of vulnerability {unknown}
 A - a scroll of identify {unknown}
 D - a scroll of butterflies {unknown}
Potions
 i - a potion of lignification {unknown}
 k - 2 potions of haste {unknown}
 l - a potion of brilliance {unknown}
 m - a potion of might {unknown}
 q - a potion of attraction {unknown}
 z - 3 potions of heal wounds {unknown}
 B - a potion of flight {unknown}


   Skills:
 * Level 3.3 Fighting
 + Level 1.3 Short Blades
 - Level 2.7 Polearms
 - Level 2.3 Throwing
 + Level 1.2 Armour
 + Level 3.3 Dodging
 + Level 0.1 Shields


You had 3 spell levels left.
You didn't know any spells.
Your spell library contained the following spells:

 Spells                   Type           Power      Damage    Failure   Level
 Gell's Gravitas          Tloc           0%         N/A       100%        3
 Teleport Other           Tloc           0%         N/A       100%        3
 Dispersal                Tloc           0%         N/A       100%        6


Dungeon Overview and Level Annotations

Branches:
Dungeon (4/15)
 Temple: D:4-7

Altars:

Shops:
D:3 (


Innate Abilities, Weirdness & Mutations

You sometimes gain a little power by taking damage.
You have a small tail.


Message History

The orc shouts!
There is a stone staircase leading up here.
An orc is nearby!
You hit the orc but do no damage.
The orc is poisoned.
You tail-slap the orc.
The orc is moderately wounded.
The orc hits you with a +0 mace.
You barely miss the orc.
The orc is moderately wounded.
The orc hits you but does no damage.
You barely miss the orc.
The orc is severely wounded.
You block the orc's attack. x2
You barely miss the orc.
The orc is severely wounded.
You block the orc's attack.
You hit the orc.
The orc looks as sick as possible!
The orc is severely wounded.
You kill the orc!
No target in view!
Found a ring mail.
An ogre comes into view. It is wielding a +0 giant club.
The ogre shouts!
Throw: javelin
Press: ? - help, Q - select action, (/) - cycle Shift-Dir - straight line, f - ogre
Aim: an ogre, wielding a +0 giant club (75% to hit)
You throw a javelin. The javelin pierces through the ogre!
The ogre is moderately wounded.
You hit the ogre.
The ogre is poisoned.
You tail-slap the ogre.
The ogre is heavily wounded.
The ogre hits you with a +0 giant club!!
Ouch! That really hurt!
* * * LOW HITPOINT WARNING * * *
You are too injured to fight recklessly!
You are too injured to fight recklessly!
You are too injured to fight recklessly!
You barely miss the ogre.
Your tail-slap misses the ogre.
The ogre is severely wounded.
The ogre hits you with a +0 giant club!!
Ouch! That really hurt!
You die...

#######
#..O@.#
#...###.#
#...#<..#
#...#)#.#
#...#.#.#
#.(.#.#.#
###.#.#.#
#.#.#..
#.#..


You could see an ogre (very poisoned).

Vanquished Creatures
  6 adders
  2 orcs
  8 endoplasms
  3 giant cockroaches
  8 goblins
  7 hobgoblins
  6 jackals
  4 quokkas
  3 ball pythons
  4 bats (D:1)
  2 frilled lizards
  5 kobolds
  10 rats
68 creatures vanquished.

Notes
Turn   | Place    | Note
-------+----------+-------------------------------------------
     0 | D:1      | javelincjr the Demonspawn Gladiator began the quest for the
                  | Orb.
     0 | D:1      | Reached XP level 1. HP: 16/16 MP: 1/1
   295 | D:1      | Gained mutation: You sometimes gain a little power by
                  | taking damage. [demonic ancestry]
   295 | D:1      | Reached XP level 2. HP: 22/22 MP: 2/2
  1107 | D:2      | Gained mutation: You have a small tail. [demonic ancestry]
  1107 | D:2      | Reached XP level 3. HP: 23/28 MP: 3/3
  1224 | D:2      | Reached skill level 1 in Short Blades
  1416 | D:2      | Reached XP level 4. HP: 34/34 MP: 4/4
  1536 | D:2      | Reached skill level 1 in Armour
  2049 | D:3      | Found a faded altar of an unknown god.
  2390 | D:3      | Found Konoamn's Weapon Emporium.
  2511 | D:4      | Noticed an ogre
  2517 | D:4      | Mangled by an ogre

Illustrated notes

Levels and vault maps discovered:
D:1:      dpeg_arrival_water_fire, layout_loops_ring
D:2:      minmay_spotlight, layout_basic, amethyst_killhole
D:3:      layout_rooms, serial_shops, shop, ebering_ecumenical_altar_rust
D:4:      layout_basic, grunt_gozag_breadcrumbs, minmay_temple_entry_slanted,
          kennysheep_pointless_box, nicolae_wormholes

Skill      XL: |  1  2  3  4 |
---------------+-------------+-----
Throwing       | 2 |  2.3
Dodging        | 3 |  3.3
Short Blades   | 1 |  1.3
Fighting       | 3 |  3.3
Armour         | 1 |  1.2
Polearms       | |  2.7
Shields        | |  0.1

Action                     |  1- 3 |  4- 6 || total
---------------------------+-------+-------++-------
  Melee: Short sword       |   101 |    25 ||   126
         Trident           |     8 |       ||     8
         Punch             |     1 |       ||     1
         Tailslap          |     2 |    10 ||    12
         Dagger            |       |    74 ||    74
  Throw: Javelin           |       |     1 ||     1
   Stab: Sleeping          |     2 |     1 ||     3
 Armour: Leather armour    |    47 |    28 ||    75
  Dodge: Dodged            |    51 |    33 ||    84
  Block: Tower shield      |    22 |    71 ||    93
